 Dungeon Crawl Stone Soup version 0.20-a0-993-gba41c3c (webtiles) character file.

47 Alarkh the Insei (level 3, 0/27 HPs)
             Began as a Demonspawn Transmuter on Apr 11, 2017.
             Killed from afar by Natasha (6 damage)
             ... with a magic dart
             ... on level 2 of the Dungeon.
             The game lasted 00:01:57 (1833 turns).

Alarkh the Insei (Demonspawn Transmuter)            Turns: 1833, Time: 00:01:57

Health: 0/27       AC:  2    Str:  9 (10) XL:     3   Next: 48%
Magic:  6/6        EV: 12    Int: 14 (15) God:
Gold:   75         SH:  0    Dex: 12 (15) Spells: 3/6 levels left

rFire    . . .     SeeInvis .     - Unarmed
rCold    . . .     Gourm    .   (no shield)
rNeg     . . .     Faith    .   b - +0 robe
rPois    .         Spirit   .   (no helmet)
rElec    .         Reflect  .   (no cloak)
rCorr    .         Harm     .   (no gloves)
MR       .....                  (no boots)
Stlth    ++........             (no amulet)
Regen    0.1/turn               (no ring)
MPRegen  0.1/turn               (no ring)

@: slowed, very slow
A: thin skeletal structure 1, powered by death 1
a: no special abilities


You were on level 2 of the Dungeon.
You were not hungry.

You visited 1 branch of the dungeon, and saw 2 of its levels.

You collected 75 gold pieces.

Inventory:

Missiles
 a - 12 arrows
Armour
 b - a +0 robe (worn)
Jewellery
 j - an uncursed ring of teleportation
Scrolls
 e - 2 scrolls of identify
Potions
 l - a potion of heal wounds
Books
 c - a book of Changes

   Spells                             Type                      Level
   a - Beastly Appendage              Transmutation                1
   b - Sticks to Snakes               Transmutation                2
   c - Spider Form                    Transmutation/Poison         3
   d - Ice Form                       Ice/Transmutation            4
   e - Blade Hands                    Transmutation                5
Comestibles
 d - 2 bread rations
 g - 2 fruits
 i - 2 meat rations
 k - 3 chunks of flesh


   Skills:
 + Level 1.9 Fighting
 - Level 1.7 Dodging
 * Level 3.3 Unarmed Combat
 + Level 2.4 Spellcasting
 + Level 2.0 Transmutations


You had 3 spell levels left.
You knew the following spells:

 Your Spells              Type           Power        Failure   Level  Hunger
a - Sticks to Snakes      Tmut           #.......     17%         2    ###....
b - Beastly Appendage     Tmut           #.....       12%         1    #......


Dungeon Overview and Level Annotations

Branches:
Dungeon (2/15)

Altars:

Annotations:
D:2 Natasha


Innate Abilities, Weirdness & Mutations

You have a somewhat thin skeletal structure. (Dex +2, Stealth)
You regenerate a little health from kills.


Message History

There is a stone staircase leading up here.
You now have 75 gold pieces (gained 16).
Natasha stares at you and mumbles some strange words.
You feel yourself slow down.
It was a potion of degeneration.
There was something very wrong with that liquid.
You feel weakened.
You feel dopey.
You feel clumsy.
Natasha stares at you and mumbles some strange words.
You feel as though you will be slow longer.
It was a potion of curing.
You feel better. Natasha claws you.
You hit Natasha but do no damage. Natasha barely misses you.
Natasha stares at you and mumbles some strange words.
The magic dart hits you!
You barely miss Natasha. Natasha claws you!
* * * LOW HITPOINT WARNING * * *
Okay, then.
You closely miss Natasha. Natasha casts a spell at you.
The magic dart hits you!
You die...

.#... ... ..... #.#
...###.# ...#..# # ##.
#)#..# # #.#...##...<#
....#.#........#######
...#........###.....<..
...........# #@######.
...........# ##h#
.........#.####..##
...!.....#........#
..........)#...?..#
#.....#....##K(...#
.$....r?K.........#
#..................
#..........#........


You could see Natasha and a kobold.

Vanquished Creatures
  An adder (D:1)
  2 dart slugs (D:1)
  A leopard gecko (D:1)
  8 bats
  2 giant cockroaches (D:1)
  2 goblins (D:1)
  6 hobgoblins
  2 jackals (D:1)
  3 frilled lizards
  3 kobolds (D:1)
30 creatures vanquished.

Notes
Turn   | Place    | Note
-------+----------+-------------------------------------------
     0 | D:1      | Alarkh the Demonspawn Transmuter began the quest for the Orb.
     0 | D:1      | Reached XP level 1. HP: 15/15 MP: 3/3
   588 | D:1      | Reached skill level 3 in Unarmed Combat
   588 | D:1      | Gained mutation: You regenerate a little health from kills. [demonic ancestry]
   588 | D:1      | Reached XP level 2. HP: 18/21 MP: 5/5
   639 | D:1      | Learned a level 2 spell: Sticks to Snakes
  1223 | D:1      | Gained mutation: You have a somewhat thin skeletal structure. (Dex +2, Stealth) [demonic ancestry]
  1223 | D:1      | Reached XP level 3. HP: 24/26 MP: 6/6
  1565 | D:2      | Noticed Natasha
  1580 | D:2      | HP: 1/27 [adder (2)]
  1833 | D:2      | Killed from afar by Natasha

Vault maps used:
D:1:      saegor_arrival_simple_d, amethyst_killhole
D:2:      uniq_natasha

Skill      XL: |  1  2 |
---------------+-------+-----
Unarmed Combat | 3 |  3.3
Transmutations | 2 |  2.0
Fighting       | |  1.9
Dodging        | |  1.7
Spellcasting   | |  2.4

Action                   || total
-------------------------++-------
Melee: Unarmed           ||   156
       Punch             ||     1
  Use: Scroll            ||     4
       Potion            ||     4
 Stab: Sleeping          ||     1
  Eat: Chunk             ||     3
Armor: Robe              ||    43
Dodge: Dodged            ||   142
